 Dungeon Crawl Stone Soup version 0.31-a0-277-g31ea1f65cc (webtiles) character file.

Game seed: 13237979477944017824

414 LeprechaunX the Changeling (level 6, -13/42 HPs)
             Began as an Octopode Shapeshifter on July 16, 2023.
             Mangled by an ogre
             ... wielding a +0 giant club
              (29 damage)
             ... on level 4 of the Dungeon.
             The game lasted 00:06:11 (3151 turns).

LeprechaunX the Changeling (Octopode Shapeshifter)  Turns: 3151, Time: 00:06:12

Health: -13/42     AC:  1    Str: 16    XL:     6   Next: 91%
Magic:  6/6        EV: 14    Int: 10    God:
Gold:   113        SH:  0    Dex: 13    Spells: 5/5 levels left

rFire   . . .        s - +0 dagger (speed)
rCold   . . .        (no shield)
rNeg    . . .        (helmet currently unavailable)
rPois   .            q - amulet of regeneration
rElec   .            (no ring)
rCorr   .            (no ring)
SInv    .            (no ring)
Will    .....        (no ring)
Stlth   ++           (no ring)
HPRegen 1.07/turn    (no ring)
MPRegen 0.10/turn    (no ring)
                     (no ring)

%: no passive effects
@: beast-form
A: beast (slay +3), almost no armour, amphibious, 8 rings, camouflage 1,
gelatinous body 1, (nimble swimmer 1), tentacles
a: Begin Untransformation


You were on level 4 of the Dungeon.
You were a hulking beast.
You visited 1 branch of the dungeon, and saw 4 of its levels.

You collected 113 gold pieces.

Inventory:

Hand Weapons
 s - a +0 dagger of speed (weapon)
Missiles
 r - 24 stones (quivered)
Jewellery
 q - an amulet of regeneration (around mantle)
 t - an amulet of the acrobat
Talismans
 b - a beast talisman
Wands
 n - a wand of acid (1)
Scrolls
 c - 7 scrolls of identify {unknown}
 d - a scroll of vulnerability {unknown}
 e - a scroll of revelation {unknown}
 f - a scroll of amnesia {unknown}
 l - a scroll of enchant armour {unknown}
 m - 3 scrolls of fog {unknown}
 o - a scroll of blinking {unknown}
Potions
 a - a potion of lignification
 g - 3 potions of ambrosia {unknown}
 h - 3 potions of curing {unknown}
 i - a potion of heal wounds {unknown}
 j - 2 potions of invisibility {unknown}
 k - a potion of mutation {unknown}
 p - a potion of magic {unknown}


   Skills:
 + Level 3.5 Fighting
 + Level 3.4 Dodging
 + Level 3.4 Unarmed Combat
 + Level 1.3 Evocations
 * Level 4.6 Shapeshifting


You had 5 spell levels left.
You didn't know any spells.
Your spell library contained the following spells:

 Spells                   Type           Power      Damage    Failure   Level
 Cigotuvi's Dreadful Rot  Necr/Pois/Air  0%         N/A       50%         2
 Wereblood                Tmut           0%         N/A       50%         2
 Vhi's Electric Charge    Tloc/Air       0%         N/A       75%         3
 Dispel Undead            Necr           0%         3d6       98%         4
 Arcjolt                  Conj/Air       0%         1d10      100%        5
 Irradiate                Conj/Tmut      0%         3d11      100%        5
 Death Channel            Necr           0%         N/A       100%        6
 Maxwell's Capacitive Co  Air            0%         ∞         100%        8


Dungeon Overview and Level Annotations

Branches:
Dungeon (4/15)
 Temple: D:4-7

Altars:
Vehumet


Innate Abilities, Weirdness & Mutations

You are a hulking beast.
Your limbs bulge with bestial killing power. (Slay +3)
You cannot wear most types of armour.
You are amphibious.
You can wear up to eight rings at the same time.
Your skin changes colour to match your surroundings (Stealth+).
Your rubbery body absorbs attacks. (AC +1, EV +1)
((You are camouflaged when in or above water. (Stealth+)))
You have tentacles for arms and can constrict up to eight enemies at once.


Message History

No target in view!
No target in view!
No target in view!
No target in view!
No target in view!
No target in view!
No target in view!
No target in view!
No target in view!
Unknown command.
There are monsters nearby!
There are monsters nearby!
Throw: 27 stones
Press: ? - help, Q - select action, (/) - cycle Shift-Dir - straight line, f - jackal
Aim: a jackal (wandering, hasn't noticed you, 53% to hit)
You throw a stone. The stone closely misses the jackal.
The ogre shouts!
Throw: 26 stones
Press: ? - help, Q - select action, (/) - cycle Shift-Dir - straight line, f/p - jackal
Aim: a jackal (51% to hit)
You throw a stone. The stone hits the jackal.
The jackal is moderately wounded.
Throw: 25 stones
Press: ? - help, Q - select action, (/) - cycle Shift-Dir - straight line, f/p - jackal
Aim: a jackal (moderately wounded, 51% to hit)
You throw a stone. The stone barely misses the jackal.
You hit the jackal but do no damage. Your grab misses the jackal.
The jackal is moderately wounded.
The jackal bites you.
You hit the jackal. You grab the jackal. You squeeze the jackal.
You kill the jackal!
The ogre hits you with a +0 giant club!!
Ouch! That really hurt!
You hit the ogre. You squeeze the ogre!
The ogre is heavily wounded.
You hit the ogre.
The ogre is severely wounded.
The ogre hits you with a +0 giant club!!
Ouch! That really hurt!
You die...

#######
#.Oh..##############
#.###.†.............
#.# ###############.
#O# ##.
#........#### ##.#
#..###.#......###.##
#..# ........## #..#
####.....## #...
#####...


You could see an ogre.

Vanquished Creatures
  2 hounds (D:4)
  Terence (D:3)
  Natasha (thrice) (D:3)
  3 orc wizards (D:4)
  Robin (D:3)
  4 gnolls (D:4)
  2 adders
  An ufetubus (D:4)
  A worm (D:3)
  2 dart slugs
  3 orcs
  8 bats
  6 endoplasms
  3 giant cockroaches
  12 goblins
  10 hobgoblins
  12 jackals
  8 kobolds
  3 quokkas
  4 ball pythons
  2 frilled lizards
  5 rats
96 creatures vanquished.

Notes
Turn   | Place    | Note
-------+----------+-------------------------------------------
     0 | D:1      | LeprechaunX the Octopode Shapeshifter began the quest for
                  | the Orb.
     0 | D:1      | Reached XP level 1. HP: 14/14 MP: 1/1
   114 | D:1      | Reached XP level 2. HP: 19/19 MP: 2/2
   303 | D:1      | Reached XP level 3. HP: 22/24 MP: 3/3
  1421 | D:2      | Reached XP level 4. HP: 29/30 MP: 4/4
  1461 | D:2      | Found a radiant altar of Vehumet.
  1751 | D:3      | Noticed Natasha
  1756 | D:3      | Killed Natasha
  1838 | D:3      | Noticed Terence
  1846 | D:3      | Killed Terence
  1847 | D:3      | Reached XP level 5. HP: 21/36 MP: 5/5
  1858 | D:3      | Noticed Natasha
  1876 | D:3      | Killed Natasha
  1877 | D:3      | Reached skill level 4 in Shapeshifting
  1886 | D:3      | Noticed Natasha
  1926 | D:3      | Killed Natasha
  2095 | D:3      | Noticed Robin
  2103 | D:3      | Killed Robin
  2149 | D:3      | Noticed a sky beast
  2618 | D:4      | Noticed an ogre
  2653 | D:4      | Reached XP level 6. HP: 30/42 MP: 6/6
  2802 | D:4      | Reached skill level 1 in Evocations
  3151 | D:4      | Mangled by an ogre

Illustrated notes

Levels and vault maps discovered:
D:1:      dpeg_arrival_court, layout_basic, due_unseen_surprise
D:2:      cheibrodos_helix_gallery, layout_basic, basic_altar
D:3:      layout_loops_cross, hex_medium, lightli_corner_chamber, uniq_terence,
          uniq_robin, uniq_natasha
D:4:      layout_loops_ring

Skill      XL: |  1  2  3  4  5  6 |
---------------+-------------------+-----
Shapeshifting  | 4 |  4.6
Fighting       | 3 |  3.5
Dodging        | 3 |  3.4
Unarmed Combat | 3 |  3.4
Evocations     | 1 |  1.3

Action                     |  1- 3 |  4- 6 || total
---------------------------+-------+-------++-------
  Melee: Unarmed           |    84 |    81 ||   165
         Constrict         |    24 |    30 ||    54
         Tentacles         |    13 |    27 ||    40
         Punch             |     1 |     5 ||     6
         Dagger            |       |    40 ||    40
  Throw: Stone             |       |     5 ||     5
  Evoke: Wand              |       |     1 ||     1
   Stab: Sleeping          |     5 |     4 ||     9
 Armour: Skin              |     7 |     7 ||    14
  Dodge: Dodged            |    56 |    78 ||   134

Table legend: (Time is in decaauts)
 A = Elapsed time spent in this place.
 B = Non-inter-level travel time spent in this place.
 C = Inter-level travel time spent in this place.
 D = Time resting spent in this place.
 E = Time spent auto-exploring this place.
 F = Levels seen in this place.
 G = Mean time per level.
                   A        B        C        D        E       F      G
               +--------+--------+--------+--------+--------+-----+--------+
         Total |   3130 |   2928 |    202 |     37 |   2327 |   4 |  782.5 |
       Dungeon |   3130 |   2928 |    202 |     37 |   2327 |   4 |  782.5 |
               +--------+--------+--------+--------+--------+-----+--------+

Top non-repeatable levels by time:
     D:1: 1047 daAuts
     D:3: 923 daAuts
     D:4: 608 daAuts
     D:2: 550 daAuts
